AoeStats
← MokaPotShot

Arabia

509625856Analyzed
1v1 RM · 5d ago on Sep 27, 2026· 47m 5s· 2 players
Game mode
Random Map
Map size
Tiny (2 player)
Population
200
Speed
Normal
Resources
Standard
Victory
Conquest
Starting age
Dark Age
Ending age
Imperial Age
RankedLock teamsTeams togetherTeam positionsShared explorationLock speedFull tech treeHidden civsTurbo modeCheats
Victory
Defeat
🇬🇧 Danes · United Kingdom
885
+17
🇮🇹 Italians · Italy
910
-44
nathanmichaelsutton
4:55 Loom
9:23 Feudal Age
21:50 Castle Age
20:18 Gold Mining
20:41 Bloodlines
21:34 Scale Barding Armor
21:40 Forging
23:00 Wheelbarrow
22:41 Double-Bit Axe
23:44 Husbandry
24:34 Horse Collar
29:58 Fletching
30:09 Padded Archer Armor
29:32 Light Cavalry
30:45 Bow Saw
30:19 Elite Skirmisher
31:05 Thumb Ring
31:26 Heavy Plow
31:24 Stone Mining
43:47 Imperial Age
42:59 Scale Mail Armor
42:55 Bodkin Arrow
43:35 Iron Casting
45:50 Elite Jomsviking
46:52 Light Cavalry
MokaPotShot
7:07 Loom
9:48 Feudal Age
11:47 Forging
17:01 Castle Age
24:10 Fletching
23:52 Pikeman
25:50 Scale Mail Armor
32:42 Horse Collar
36:29 Ballistics
37:02 Bodkin Arrow
42:16 Imperial Age
39:59 Padded Archer Armor
41:13 Wheelbarrow
40:08 Crossbowman
41:28 Leather Archer Armor
42:38 Chain Mail Armor
44:32 Hand Cart
Connection lost

Rejoining the realm…

Still unreachable

The connection could not be restored.

Session expired

The server has moved on; the page needs a fresh start.